 Dungeon Crawl Stone Soup version 0.28-b1-25-g9875b3fc8c (webtiles) character file.

Game seed: 1856693888535412798

75 bobregger the Cudgeller (level 4, -1/48 HPs)
             Began as an Ogre Berserker on Feb 1, 2022.
             Was a Believer of Trog.
             Slain by a gnoll (4 damage)
             ... on level 2 of the Dungeon.
             The game lasted 00:02:15 (1975 turns).

bobregger the Cudgeller (Ogre Berserker)            Turns: 1975, Time: 00:02:15

Health: -1/48      AC:  3    Str: 27    XL:     4   Next: 31%
Magic:  4/4        EV: 10    Int:  8    God:    Trog [**....]
Gold:   59         SH:  0    Dex: 10    Spells: 3/3 levels left

rFire   . . .      SeeInvis .   a - +0 mace
rCold   . . .      Faith    .   (no shield)
rNeg    . . .      Spirit   .   b - +0 animal skin
rPois   .          Reflect  .   (helmet restricted)
rElec   .          Harm     .   (no cloak)
rCorr   .          Rampage  .   (gloves unavailable)
Will    ++...      Clarity  +   (boots unavailable)
Stlth   +.........              (no amulet)
HPRegen 1.16/turn               k - +6 ring of strength
MPRegen 0.09/turn               (no ring)

@: strong-willed, on berserk cooldown, regenerating, slowed, very slow
A: large, unfitting armour, tough skin 1, antennae 1, clarity, wild magic 1
a: Renounce Religion, Berserk, Trog's Hand


You were on level 2 of the Dungeon.
You worshipped Trog.
Trog was pleased with you.
You visited 1 branch of the dungeon, and saw 2 of its levels.

You collected 59 gold pieces.

Inventory:

Hand Weapons
 a - a +0 mace (weapon)
Armour
 b - a +0 animal skin (worn)
Jewellery
 k - a +6 ring of strength (left hand)
Scrolls
 e - a scroll of immolation {unknown}
 g - a scroll of enchant weapon {unknown}
 h - a scroll of noise {unknown}
 j - 5 scrolls of identify {unknown}
 l - a scroll of amnesia {unknown}
 n - a scroll of blinking {unknown}
Potions
 d - a potion of invisibility {unknown}
 f - a potion of curing {unknown}
 i - 2 potions of resistance {unknown}
 m - a potion of flight {unknown}


   Skills:
 - Level 4.0 Fighting
 + Level 4.5 Maces & Flails
 - Level 2.6 Dodging


You had 3 spell levels left.
You didn't know any spells.
Your spell library was empty.

Dungeon Overview and Level Annotations

Branches:
Dungeon (2/15)

Altars:


Innate Abilities, Weirdness & Mutations

You are too large for most types of armour.
You have tough skin. (AC +1)
You have a pair of small antennae on your head.
You possess an exceptional clarity of mind.
Your spells are a little harder to cast, but a little more powerful.


Message History

The gnoll barely misses you.
The gnoll hits you with a +1 whip of holy wrath.
You have reached level 4!
You hit the gnoll.
The gnoll is heavily wounded.
You closely miss the gnoll.
The gnoll is heavily wounded.
The gnoll hits you but does no damage.
The gnoll hits you with a +1 whip of holy wrath.
You hit the gnoll.
The gnoll is severely wounded.
The gnoll hits you from afar with a +0 spear!
* * * LOW HITPOINT WARNING * * *
The gnoll barely misses you.
You sock the gnoll!
You kill the gnoll!
Trog accepts your kill. The gnoll misses you.
You are no longer berserk.
You are exhausted.
You feel yourself slow down.
Things that are here:
a +0 flail; a gnoll corpse You barely miss the gnoll.
The gnoll hits you with a +0 spear.
* * * LOW HITPOINT WARNING * * *
The gnoll hits you with a +0 spear.
* * * LOW HITPOINT WARNING * * *
You hit the gnoll.
The gnoll is lightly wounded.
The gnoll misses you. The gnoll hits you with a +0 spear!
* * * LOW HITPOINT WARNING * * *
It was a potion of mutation.
You feel extremely strange.
You feel less in control of your magic.
Your thoughts seem clearer.
A pair of antennae grows on your head! The gnoll hits you with a +0 spear.
* * * LOW HITPOINT WARNING * * *
Your skin crawls.
You feel strong-willed. The gnoll hits you with a +0 spear.
You die...

#.........≈#≈≈≈≈#≈##)#
##.#####..≈≈#≈≈≈≈≈≈#.#
#. #..#≈≈≈≈≈≈≈≈≈.## ##+#
##.##≈≈#≈#≈##..# ##...#
#..#≈≈≈≈≈ #.... #.....#
#..#≈#≈≈≈##..##
.......###....####....##
......g.##............##
.......@)...............
.......)####....#####.##
.!.....## ##...#####.#
#.....# ##........#
##...# #.######## ##+#
#.# #.# #.# #.#


You could see a gnoll.

Vanquished Creatures
  3 gnolls (D:2)
  A worm (D:2)
  3 dart slugs (D:1)
  A ball python (D:1)
  An endoplasm (D:2)
  A giant cockroach (D:1)
  3 goblins
  3 jackals (D:1)
  2 quokkas (D:1)
  2 bats (D:1)
  11 frilled lizards (D:1)
  7 kobolds
  3 rats
41 creatures vanquished.

Notes
Turn   | Place    | Note
-------+----------+-------------------------------------------
     0 | D:1      | bobregger the Ogre Berserker began the quest for the Orb.
     0 | D:1      | Reached XP level 1. HP: 24/24 MP: 1/1
   209 | D:1      | Reached XP level 2. HP: 32/32 MP: 2/2
   395 | D:1      | Found a faded altar of an unknown god.
   905 | D:1      | Reached XP level 3. HP: 23/39 MP: 3/3
  1558 | D:2      | Reached ** piety under Trog
  1967 | D:2      | Reached XP level 4. HP: 30/48 MP: 4/4
  1974 | D:2      | Gained mutation: Your spells are a little harder to cast,
                  | but a little more powerful. [potion of mutation]
  1974 | D:2      | Gained mutation: You possess an exceptional clarity of
                  | mind. [potion of mutation]
  1974 | D:2      | Gained mutation: You have a pair of small antennae on your
                  | head. [potion of mutation]
  1974 | D:2      | HP: 2/48 [gnoll (2)]
  1975 | D:2      | Slain by a gnoll

Illustrated notes

Levels and vault maps discovered:
D:1:      giann_forest_graveyard, layout_basic, serial_rivers,
          chequers_serial_rivers_large_a, chequers_serial_rivers_large_b,
          chequers_serial_rivers_micro_c, chequers_serial_rivers_small_3,
          chequers_serial_rivers_small_a,
          hellmonk_ecumenical_altar_prayer_group, minmay_lizard_pond
D:2:      layout_loops_corners, minivault_4, uniq_robin

Skill      XL: |  1  2  3 |
---------------+----------+-----
Maces & Flails | 3 4 |  4.5
Fighting       | |  4.0
Dodging        | |  2.6

Action                   |  1- 3 |  4- 6 || total
-------------------------+-------+-------++-------
Melee: Mace              |   102 |     6 ||   108
       Punch             |     3 |       ||     3
Invok: Berserk           |     1 |       ||     1
       Trog's Hand       |       |     1 ||     1
  Use: Potion            |       |     1 ||     1
Armor: Animal skin       |    40 |     1 ||    41
Dodge: Dodged            |    62 |     3 ||    65
